 Dungeon Crawl Stone Soup version 0.30.1-11-g7821555f0a (webtiles) character file.

Game seed: 82890638346814016

26 rumournova the Conjurer (level 3, -2/22 HPs)
             Began as a Gargoyle Reaver on Nov 18, 2023.
             Killed by divine providence
             ... invoked by an orc priest
              (11 damage)
             ... on level 2 of the Dungeon.
             The game lasted 00:02:58 (739 turns).

rumournova the Conjurer (Gargoyle Reaver)            Turns: 739, Time: 00:02:58

Health: -2/22      AC:  6    Str: 17    XL:     3   Next: 8%
Magic:  6/6        EV: 11    Int: 13    God:
Gold:   40         SH:  5    Dex:  8    Spells: 5/6 levels left

rFire   . . .        a - +0 hand axe
rCold   . . .        (no shield)
rNeg    + . .        b - +0 leather armour
rPois   ∞            (no helmet)
rElec   +            (no cloak)
rCorr   .            (no gloves)
SInv    .            (no boots)
Will    .....        f - amulet of reflection
Stlth   +            (no ring)
HPRegen 0.23/turn    (no ring)
MPRegen 0.10/turn

%: reflection
@: no status effects
A: sickness immunity, AC +3, negative energy resistance 1, electricity
resistance, torment resistance 1, petrification resistance
a: no special abilities


You were on level 2 of the Dungeon.
You visited 1 branch of the dungeon, and saw 2 of its levels.

You collected 40 gold pieces.

Inventory:

Hand Weapons
 a - a +0 hand axe (weapon)
Missiles
 e - 4 javelins
Armour
 b - a +0 leather armour (worn)
Jewellery
 d - an amulet of regeneration
 f - an amulet of reflection (around neck)
Potions
 c - a potion of invisibility
 h - a potion of degeneration {unknown}


   Skills:
 + Level 2.5 Fighting
 + Level 3.2 Axes
 + Level 0.2 Armour
 + Level 1.9 Dodging
 + Level 2.0 Spellcasting
 + Level 3.4 Conjurations


You had 5 spell levels left.
You knew the following spells:

 Your Spells              Type           Power      Damage    Failure   Level
a - Kiss of Death         Conj/Necr      20%        2d7       16%         1

Your spell library contained the following spells:

 Spells                   Type           Power      Damage    Failure   Level
 Momentum Strike          Conj/Tloc      10%        3d8       22%         2
 Hailstorm                Conj/Ice       5%         3d4       41%         3


Dungeon Overview and Level Annotations

Branches:
Dungeon (1/15)

Altars:


Innate Abilities, Weirdness & Mutations

You are immune to sickness and miasma.
Your stone body is resilient. (AC +3)
You are immune to poison.
You resist negative energy. (rN+)
You are resistant to electric shocks. (rElec)
You are resistant to unholy torment.
You are immune to petrification.


Message History

You see here a jackal corpse.
You closely miss the jackal.
The jackal is heavily wounded.
You block the jackal's attack. The jackal misses you.
You hit the jackal but do no damage.
The jackal is heavily wounded.
The jackal bites you but does no damage.
The jackal bites you.
You barely miss the jackal.
The jackal is heavily wounded.
The jackal closely misses you.
You closely miss the jackal.
The jackal is heavily wounded.
The jackal bites you but does no damage. x2
You closely miss the jackal.
The jackal is heavily wounded.
You block the jackal's attack.
You closely miss the jackal.
The jackal is heavily wounded.
The jackal bites you.
The jackal bites you but does no damage.
You slash the jackal!
You kill the jackal!
g - a scroll labelled BAEPTI SYRRETA
h - a murky puce potion
As you read the scroll labelled BAEPTI SYRRETA, it crumbles to dust.
It is a scroll of identify.
c - a potion of invisibility An orc priest comes into view.
It is wielding a +0 flail.
An orc priest is nearby!
The orc priest shouts!
You hear a shout!
The orc priest calls down the wrath of Beogh upon you.
Beogh smites you!
Ouch! That really hurt!
The orc priest barely misses you.
You closely miss the orc priest.
The orc priest invokes the aid of Beogh against you.
Beogh smites you!
Ouch! That really hurt!
You die...

##....# #..........
#..##.## #..........
#.###..# #..........
##.###†.###..........
######..#..†..............
..........##...#..........
.#####.#######............
)>####.# #............
........ ##o@.........
#....... #..............
....... #.####........#
........ # ##......##
#..##... ######## ..##..##
......# ......# ........


You could see an orc priest.

Vanquished Creatures
  2 endoplasms
  2 giant cockroaches (D:1)
  2 hobgoblins (D:1)
  8 jackals
  A ball python (D:2)
  3 goblins
  2 kobolds
  A rat (D:2)
21 creatures vanquished.

Notes
Turn   | Place    | Note
-------+----------+-------------------------------------------
     0 | D:1      | rumournova the Gargoyle Reaver began the quest for the Orb.
     0 | D:1      | Reached XP level 1. HP: 12/12 MP: 3/3
   156 | D:1      | Reached XP level 2. HP: 17/18 MP: 5/5
   469 | D:1      | You fall into a shaft and drop 1 floor!
   705 | D:2      | Reached XP level 3. HP: 22/22 MP: 6/6
   739 | D:2      | Killed from afar by an orc priest

Illustrated notes

Levels and vault maps discovered:
D:1:      reono_arrival_mine, layout_basic
D:2:      layout_rooms

Skill      XL: |  1  2 |
---------------+-------+-----
Axes           | 3 |  3.2
Fighting       | |  2.5
Armour         | |  0.2
Dodging        | |  1.9
Spellcasting   | |  2.0
Conjurations   | |  3.4

Action                     || total
---------------------------++-------
  Melee: Hand axe          ||    85
    Use: Scroll            ||     3
 Armour: Leather armour    ||    41
  Dodge: Dodged            ||    63
  Block: Other             ||    10
